 Dungeon Crawl Stone Soup version 0.13.0-18-g7b03ea5 (webtiles) character file.

1624 Impy the Cudgeler (level 8, -2/58 HPs)
             Began as a Demonspawn Gladiator on Oct 22, 2013.
             Slain by an orc wizard
             ... wielding a -1,+0 orcish long sword
              (6 damage)
             ... on Level 6 of the Dungeon.
             The game lasted 00:19:59 (6958 turns).

Impy the Cudgeler (Demonspawn Gladiator)            Turns: 6958, Time: 00:19:59

HP  -2/58        AC  4     Str 15      XL: 8   Next: 39%
MP   7/7         EV 10     Int 11      God:
Gold 248         SH 20     Dex 15      Spells:  0 memorised,  7 levels left

Res.Fire  : . . .   See Invis. : .   a - +1 mace
Res.Cold  : . . .   Warding    : .   b - +0 leather armour
Life Prot.: + . .   Conserve   : .   p - +0 shield
Res.Poison: .       Res.Corr.  : .   (helmet restricted)
Res.Elec. : .       Clarity    : .   l - +0 cloak (curse)
Sust.Abil.: . .     Spirit.Shd : .   (no gloves)
Res.Mut.  : .       Stasis     : .   (no boots)
Res.Rott. : .       Flight     : .   (no amulet)
Saprovore : . . .                    (no ring)
                                     u - ring of positive energy

@: slightly resistant to hostile enchantments, stealthy
A: horns 1, demonic guardian 1, nightstalker 2
a: no special abilities


You were on level 6 of the Dungeon.
You were not hungry.

You visited 2 branches of the dungeon, and saw 7 of its levels.

You collected 228 gold pieces.

Inventory:

Hand weapons
 a - a +1,+1 mace (weapon)
Armour
 b - a +0 leather armour (worn)
 c - a +0 helmet
 l - a cursed +0 cloak (worn)
 p - a +0 shield (worn)
Comestibles
 f - 2 bread rations
 q - a meat ration
 r - a chunk of iguana flesh
Scrolls
 d - 2 scrolls of remove curse {unknown}
 e - 2 scrolls of blinking
 g - 3 scrolls of enchant weapon I
 h - a scroll of teleportation {unknown}
 i - 3 scrolls of curse armour
 j - a scroll of curse jewellery {unknown}
 k - a scroll of fear
 m - a scroll of immolation {unknown}
 o - a scroll of identify
Jewellery
 u - a ring of positive energy (left hand)


   Skills:
 - Level 2.0 Fighting
 + Level 7.3 Maces & Flails
 - Level 1.7 Throwing
 - Level 3.2 Dodging
 + Level 6.2 Shields


You had 7 spell levels left.
You didn't know any spells.

Dungeon Overview and Level Annotations

Branches:
Dungeon (6/27)             Temple (1/1) D:5
    Orc: D:6-11

Altars:
Cheibriados
Elyvilon
Fedhas
Makhleb
Nemelex Xobeh
Okawaru
Sif Muna
Trog
Vehumet
Xom
Yredelemnul
Zin
the Shining One

Annotations:
D:5 exclusion: 2 doors


Innate Abilities, Weirdness & Mutations

You have a pair of small horns on your head.
A weak demonic guardian rushes to your aid.
You are significantly more attuned to the shadows.


Message History

You closely miss it. You headbutt it.
It picks up an orcish dagger.
You miss it. Your headbutt misses it. It completely misses you.
You barely miss it. It hits you.
* * * LOW HITPOINT WARNING * * *
You thump it! It hits you.
* * * LOW HITPOINT WARNING * * *
You miss it. You headbutt it. It hits you!
* * * LOW HITPOINT WARNING * * *
Throwing (i - inventory):
n - 2 steel javelins (quivered)
Press: ? - help, Shift-Dir - straight line You throw a steel javelin.
Throwing (i - inventory):
n - a steel javelin (quivered)
Press: ? - help, Shift-Dir - straight line You throw a steel javelin.
The steel javelin hits something.
You block its attack.
Firing (i - inventory): No suitable missiles.
Press: ? - help, Shift-Dir - straight line
Okay, then.
You miss it. It hits you.
You die...

#(..........##.#######...
#..(......................
#...(<###..........%......
#.....# #....##...%o.{{..o
#.....###.....(.######...
# ######........(.# .. #
###.##.##{## # #.##.##{# #
######.##.##@# #
##............# #
#..)...#.#.####
####..#...#.#.#
.(....##......#
#####.#####.### #.# .# #..
.# ####


There were no monsters in sight!

Vanquished Creatures
  The ghost of timbw the Chopper, an average MiFi (D:4)
  A sky beast (D:5)
  An orc warrior (D:6)
  An ice beast (D:6)
  A phantom (D:5)
  An ogre (D:5)
  A centaur (D:5)
  6 iguanas
  3 orc wizards
  3 orc priests (D:4)
  A worker ant (D:5)
  An ogre zombie (D:5)
  8 adders
  A gnoll (D:1)
  2 inept item mimics
  3 worms
  17 orcs
  2 giant cockroaches
  5 goblins
  10 hobgoblins
  4 jackals
  2 kobolds
  3 quokkas
  2 ball pythons
  12 bats
  2 giant geckos
  10 giant newts
  A goblin zombie (D:5)
  A hobgoblin skeleton (D:4)
  A hobgoblin zombie (D:5)
  8 rats
115 creatures vanquished.

Vanquished Creatures (collateral kills)
  An ogre (D:6)
  An orc priest (D:4)
  A black bear skeleton (D:4)
  An orc wizard (D:4)
  3 giant mites
  2 orcs (D:4)
  A giant cockroach (D:4)
  A goblin (D:6)
  A hobgoblin (D:3)
  2 jackals (D:6)
14 creatures vanquished.

Vanquished Creatures (others)
  A crimson imp (D:5)
  2 iron imps
  5 lemures
  6 ufetubi
14 creatures vanquished.

Grand Total: 143 creatures vanquished

Notes
Turn   | Place    | Note
--------------------------------------------------------------
     0 | D:1      | Impy, the Demonspawn Gladiator, began the quest for the Orb.
     0 | D:1      | Reached XP level 1. HP: 17/17 MP: 0/0
   210 | D:1      | Reached skill level 3 in Maces & Flails
   210 | D:1      | Gained mutation: A weak demonic guardian rushes to your aid. [demonic ancestry]
   210 | D:1      | Reached XP level 2. HP: 12/23 MP: 1/1
   936 | D:2      | Gained mutation: You are slightly more attuned to the shadows. [demonic ancestry]
   936 | D:2      | Reached XP level 3. HP: 28/28 MP: 2/2
  1140 | D:2      | Found a white marble altar of Elyvilon.
  1890 | D:3      | Reached skill level 1 in Shields
  1911 | D:3      | Reached XP level 4. HP: 26/35 MP: 3/3
  2096 | D:3      | Reached skill level 4 in Maces & Flails
  2785 | D:4      | Reached XP level 5. HP: 18/40 MP: 4/4
  2811 | D:4      | Noticed timbw's ghost (average MiFi)
  3304 | D:4      | Gained mutation: You are significantly more attuned to the shadows. [demonic ancestry]
  3304 | D:4      | Reached XP level 6. HP: 40/46 MP: 5/5
  3435 | D:4      | HP: 1/46 [orc priest/divine providence (9)]
  3731 | D:4      | Reached skill level 5 in Maces & Flails
  3846 | D:4      | Killed timbw's ghost
  3846 | D:4      | Reached XP level 7. HP: 13/51 MP: 6/6
  4909 | D:5      | Entered Level 5 of the Dungeon
  5227 | D:5      | Reached skill level 6 in Maces & Flails
  5401 | D:5      | Reached skill level 5 in Shields
  5857 | D:5      | Found a staircase to the Ecumenical Temple.
  5893 | Temple   | Entered the Ecumenical Temple
  6376 | D:5      | Gained mutation: You have a pair of small horns on your head. [demonic ancestry]
  6376 | D:5      | Reached XP level 8. HP: 15/58 MP: 7/7
  6856 | D:6      | Reached skill level 7 in Maces & Flails
  6958 | D:6      | Slain by an orc wizard

Action                   |  1- 3 |  4- 6 |  7- 9 || total
-------------------------+-------+-------+-------++-------
Melee: Mace              |   134 |   168 |   201 ||   503
Throw: Throwing net      |     6 |     5 |     4 ||    15
       Javelin           |       |    13 |    45 ||    58
  Use: Scroll            |       |    10 |     2 ||    12
       Potion            |       |     5 |     1 ||     6
 Stab: Sleeping          |     2 |     3 |     5 ||    10
       Held in net/web   |     1 |       |     1 ||     2
       Distracted        |       |       |     1 ||     1
